 Dungeon Sprint DCSS version 0.23-a0-537-g04293e5 (webtiles) character file.

94 Dmuffinman the Slasher (level 4, 47/47 HPs)
             Began as a Minotaur Berserker on Dec 7, 2018.
             Was a Believer of Trog.
             Quit the game in the Dungeon (Sprint II: "The Violet Keep of Menkaure").
             The game lasted 00:01:07 (32 turns).

Dmuffinman the Slasher (Minotaur Berserker)           Turns: 32, Time: 00:01:08

Health: 47/47      AC:  2    Str: 22    XL:     4   Next: 38%
Magic:  3/3        EV: 13    Int:  4    God:    Trog [**....]
Gold:   0          SH:  0    Dex: 10    Spells: 3/3 levels left

rFire    . . .     SeeInvis .   a - +0 falchion
rCold    . . .     Gourm    .   (no shield)
rNeg     . . .     Faith    .   b - +0 animal skin
rPois    .         Spirit   .   (helmet restricted)
rElec    .         Reflect  .   (no cloak)
rCorr    .         Harm     .   (no gloves)
MR       .....     NoTele   +   (no boots)
Stlth    +.........             (no amulet)
HPRegen  0.15/turn              (no ring)
MPRegen  0.08/turn              (no ring)

@: berserk cooldown, slowed, very slow
A: retaliatory headbutt, horns 2
a: Berserk, Trog's Hand, Renounce Religion


You were in the Dungeon.
You worshipped Trog.
Trog was pleased with you.
You were not hungry.

You visited 1 branch

Inventory:

Hand Weapons
 a - a +0 falchion (weapon)
Armour
 b - a +0 animal skin (worn)
Scrolls
 i - a scroll of blinking
Potions
 d - a potion of curing
 e - a potion of heal wounds
 f - a potion of haste
 g - 2 potions of magic
 h - a potion of berserk rage
Comestibles
 c - a ration
 j - 4 chunks of flesh


   Skills:
 + Level 7.4 Fighting
 + Level 7.5 Long Blades
 + Level 4.1 Armour
 + Level 3.7 Dodging


You had 3 spell levels left.
You didn't know any spells.
Your spell library was empty.

Dungeon Overview and Level Annotations

Branches:
Dungeon (1/1)

Altars:


Innate Abilities, Weirdness & Mutations

You reflexively headbutt those who attack you in melee.
You have a pair of horns on your head.


Message History

You feel a strong urge to attack something.
You butcher the worker ant corpse.
j - 3 chunks of flesh;
j - 4 chunks of flesh (gained 1)
There is an open door here.
You are no longer berserk.
You are exhausted.
You feel yourself slow down.
There is a staircase leading out of the dungeon here.
You start resting.
HP restored.
You open the door.
A neqoxec comes into view.
The neqoxec shouts!
You hear a shout!
A neqoxec comes into view.
Press: ? - help, v - describe, . - travel
Here: a neqoxec The floor.
There are monsters nearby!
There are monsters nearby!
Are you sure you want to abandon this character and quit the game? (Confirm

### ###
#.. ..#
#.#.#
#'#
##.###
+.<@'#
##.##3#
#+# 3#
#


You could see 2 neqoxecs.

Vanquished Creatures
  4 worker ants (D)
4 creatures vanquished.

Vanquished Creatures (others)
  Menkaure (D)
  A crocodile (D)
2 creatures vanquished.

Grand Total: 6 creatures vanquished

Notes
Turn   | Place    | Note
-------+----------+-------------------------------------------
     0 | D        | Dmuffinman the Minotaur Berserker began the quest for the
                  | Orb.
     0 | D        | Reached XP level 1. HP: 19/19 MP: 0/0
     1 | D        | Noticed a worker ant
     1 | D        | Noticed a worker ant
     1 | D        | Noticed a worker ant
     1 | D        | Noticed a worker ant
     3 | D        | Killed a worker ant
     3 | D        | Reached skill level 5 in Fighting
     3 | D        | Reached skill level 5 in Long Blades
     3 | D        | Reached XP level 2. HP: 29/29 MP: 1/1
     6 | D        | Reached XP level 3. HP: 37/37 MP: 2/2
     8 | D        | Reached ** piety under Trog
     8 | D        | Reached XP level 4. HP: 45/45 MP: 3/3
    21 | D        | Killed a crocodile
    29 | D        | Killed Menkaure
    31 | D        | Noticed a neqoxec
    31 | D        | Noticed a neqoxec
    32 | D        | Quit the game

Vault maps used:
D:        the_violet_keep_of_menkaure

Skill      XL: |  1  2  3  4 |
---------------+-------------+-----
Fighting       | 5 6 7 |  7.4
Long Blades    | 5 6 7 |  7.5
Armour         | 3 4 |  4.1
Dodging        | 3 |  3.7

Action                   |  1- 3 |  4- 6 || total
-------------------------+-------+-------++-------
Melee: Falchion          |     6 |     2 ||     8
       Headbutt          |     2 |       ||     2
Invok: Berserk           |     1 |       ||     1
Dodge: Dodged            |     3 |       ||     3
       Rpst.: Falchion   |     1 |       ||     1

Table legend:
 A = Non-vault XP
 B = Vault XP
 C = Vault XP percentage of total XP
 D = Non-vault monster count
 E = Vault monster count
 F = Vault count percentage of total count
                 A         B        C        D         E       F
            +---------+---------+-------+---------+---------+-------
      Total |       0 |     135 | 100.0 |       0 |       4 | 100.0
            +---------+---------+-------+---------+---------+-------
          D |       0 |     135 | 100.0 |       0 |       4 | 100.0
            +---------+---------+-------+---------+---------+-------
